 Dungeon Crawl Stone Soup version 0.25.0-9-g26727b657a (webtiles) character file.

Game seed: 12222138522405385330

25 Esekla the Grasshopper (level 2, -5/16 HPs)
             Began as a Deep Elf Warper on June 20, 2020.
             Slain by a worm (11 damage)
             ... on level 3 of the Dungeon.
             The game lasted 00:10:19 (1135 turns).

Esekla the Grasshopper (Deep Elf Warper)            Turns: 1135, Time: 00:10:20

Health: -5/16      AC:  3    Str:  8    XL:     2   Next: 82%
Magic:  7/8        EV: 13    Int: 17    God:
Gold:   75         SH:  5    Dex: 14    Spells: 3/7 levels left

rFire    . . .     SeeInvis .   a - +0 falchion
rCold    . . .     Gourm    .   (no shield)
rNeg     . . .     Faith    .   k - +0 robe
rPois    .         Spirit   .   (no helmet)
rElec    .         Reflect  +   (no cloak)
rCorr    .         Harm     .   h - +0 pair of gloves
MR       .....                  (no boots)
Stlth    +.........             i - amulet of reflection
HPRegen  0.05/turn              (no ring)
MPRegen  0.11/turn              (no ring)

@: no status effects
A: no striking features
a: no special abilities


You were on level 3 of the Dungeon.
You were not hungry.

You visited 1 branch of the dungeon, and saw 4 of its levels.

You collected 75 gold pieces.

Inventory:

Hand Weapons
 a - a +0 falchion (weapon)
Missiles
 e - 5 boomerangs of dispersal (quivered)
Armour
 h - a +0 pair of gloves (worn)
 k - a +0 robe (worn)
Jewellery
 i - an amulet of reflection (around neck)
 j - an uncursed amulet of magic regeneration
Scrolls
 c - 2 scrolls of teleportation {unknown}
 d - 2 scrolls of blinking
 g - a scroll of remove curse {unknown}
Potions
 b - a potion of might {unknown}
 l - a potion of berserk rage {unknown}
Comestibles
 f - 4 rations


   Skills:
 - Level 1.5 Fighting
 * Level 2.2 Long Blades
 + Level 1.1 Throwing
 - Level 0.7 Armour
 * Level 3.1 Dodging
 + Level 3.3 Spellcasting
 * Level 0.5 Charms
 + Level 3.4 Translocations


You had 3 spell levels left.
You knew the following spells:

 Your Spells              Type           Power        Failure   Level  Hunger
a - Shroud of Golubria    Chrm/Tloc      #.....       12%         2    ##.....
b - Blink                 Tloc           N/A          6%          2    ##.....

Your spell library contained the following spells:

 Spells                   Type           Power        Failure   Level  Hunger
 Gell's Gravitas          Tloc           ##........   12%         3    ###....
 Lesser Beckoning         Tloc           ##........   12%         3    ###....
 Teleport Other           Tloc           ##......     12%         3    ###....
 Passage of Golubria      Tloc           N/A          38%         4    ####...


Dungeon Overview and Level Annotations

Branches:
Dungeon (4/15)
 Temple: D:4-7

Altars:


Message History

You hit the worm.
The worm is moderately wounded.
The worm barely misses you.
You barely miss the worm.
The worm is lightly wounded.
You hit the worm.
The worm is heavily wounded.
The worm misses you.
You riposte.
You barely miss the worm.
The worm is heavily wounded.
You hit the worm but do no damage.
The worm is heavily wounded.
Your shroud bends the worm's attack away!
You hit the worm.
The worm is heavily wounded.
The worm bites you!
Ouch! That really hurt!
Your shroud falls apart!
The worm bites you!
Ouch! That really hurt!
You die...

..........##.#####
#...)..# .......#####.##
#.####..# .......# #.>#
#.# #.# ###..### ##.#
#.# ... ##.# #.## ###.#
#.. #.# #..# #.<.# ##..
#.#########)###.### #
#...##...........#######
###.##.....#.@..........
#....#.#.#.#w#.#######
###.#.#.#.#.#.#.#
#..#.#.#.#.#.##
#.#.#.#.#.#.#.#
#..#.#.#.#.#.##
#.#.#.#.#.#.#.#
#..#.#.#.#.#.##
#.#.#.#.#(#.#.#


You could see a worm.

Vanquished Creatures
  An adder (D:2)
  A leopard gecko (D:2)
  A ball python (D:2)
  3 giant cockroaches
  A hobgoblin (D:1)
  A bat (D:1)
  2 frilled lizards
  2 goblins
  A kobold (D:2)
  3 rats
16 creatures vanquished.

Notes
Turn   | Place    | Note
-------+----------+-------------------------------------------
     0 | D:1      | Esekla the Deep Elf Warper began the quest for the Orb.
     0 | D:1      | Reached XP level 1. HP: 12/12 MP: 6/6
   552 | D:2      | Reached XP level 2. HP: 11/16 MP: 8/8
   762 | D:2      | Learned a level 2 spell: Shroud of Golubria
   765 | D:2      | Learned a level 2 spell: Blink
  1093 | D:4      | Noticed an ogre
  1135 | D:3      | Slain by a worm

Illustrated notes

Levels and vault maps discovered:
D:1:      lemuel_arrival_river_bridge, layout_basic, kennysheep_another_room,
          wander_ebering_terrifying_dragon_lair
D:2:      layout_loops_cross, makhleb_heckhound_becter,
          nicolae_ru_the_path_less_chosen
D:3:      layout_rooms, zin_scriptorium, minivault_23
D:4:      layout_loops_ring, corexii_checkpoint_b

Skill      XL: |  1  2 |
---------------+-------+-----
Long Blades    | 2 |  2.2
Dodging        | 3 |  3.1
Fighting       | |  1.5
Throwing       | |  1.1
Armour         | |  0.7
Spellcasting   | |  3.3
Charms         | |  0.5
Translocations | |  3.4

Action                   || total
-------------------------++-------
Melee: Falchion          ||    55
 Cast: Shroud of Golubri ||     6
       Blink             ||     1
  Eat: Chunk             ||     1
Armor: Robe              ||     6
Dodge: Dodged            ||    28
Block: Other             ||    16
       Rpst.: Falchion   ||     8
